 Dungeon Crawl Stone Soup version 0.18-b1-16-g289874d (webtiles) character file.

37 privategoon the Chopper (level 3, -4/31 HPs)
             Began as a Minotaur Fighter on May 1, 2016.
             Slain by a gnoll
             ... wielding a +0 flail
              (6 damage)
             ... on level 2 of the Dungeon.
             The game lasted 00:04:00 (1176 turns).

privategoon the Chopper (Minotaur Fighter)          Turns: 1176, Time: 00:04:02

Health: -4/31      AC:  5    Str: 21    XL:     3   Next: 21%
Magic:  2/2        EV:  8    Int:  5    God:
Gold:   18         SH:  9    Dex:  9    Spells: 0 memorised, 2 levels left

rFire  . . .     SeeInvis .     a - +0 war axe
rCold  . . .     Gourm    .     g - +0 ring mail
rNeg   . . .     Faith    .     c - +0 shield
rPois  .         Spirit   .     (helmet restricted)
rElec  .         Dismiss  .     (no cloak)
rCorr  .         Reflect  .     (no gloves)
SustAt .         Harm     .     (no boots)
MR     .....                    (no amulet)
Stlth  ..........               (no ring)
                                (no ring)

@: not resistant to hostile enchantments, extremely unstealthy
A: retaliatory headbutt, horns 2
a: no special abilities


You were on level 2 of the Dungeon.
You were hungry.

You visited 1 branch of the dungeon, and saw 2 of its levels.

You collected 18 gold pieces.

Inventory:

Hand Weapons
 a - a +0 war axe (weapon)
 l - a +0 club
Missiles
 s - 4 tomahawks (quivered)
Armour
 b - a +0 scale mail
 c - a +0 shield (worn)
 g - a +0 ring mail (worn)
 y - a +0 chain mail
Jewellery
 e - an uncursed ring of protection from fire {unknown}
Scrolls
 k - 2 scrolls of remove curse {unknown}
 n - a scroll of enchant armour {unknown}
 q - a scroll of immolation {unknown}
 r - a scroll of teleportation {unknown}
 t - a scroll of recharging {unknown}
 v - a scroll of enchant weapon {unknown}
Potions
 d - a potion of might
 i - a potion of heal wounds {unknown}
 j - a potion of mutation {unknown}
 m - 2 potions of agility {unknown}
 u - a potion of curing {unknown}
 w - a potion of degeneration {unknown}
Comestibles
 f - a bread ration
 h - a meat ration
 o - 3 beef jerkies
 p - a slice of pizza
 z - 7 fruits


   Skills:
 - Level 3.6 Fighting
 + Level 4.4 Axes
 - Level 3.6 Armour
 - Level 3.6 Shields


You had 2 spell levels left.
You didn't know any spells.

Dungeon Overview and Level Annotations

Branches:
Dungeon (2/15)

Altars:


Innate Abilities, Weirdness & Mutations

You reflexively headbutt those who attack you in melee.
You have a pair of horns on your head.


Message History

The gnoll hits you with a club.
You slash the gnoll!
You kill the gnoll!
You have reached level 3!
Your experience leads to an increase in your attributes!
Increase (S)trength, (I)ntelligence, or (D)exterity?
You feel stronger. You block the gnoll's attack.
The gnoll hits you from afar with a spear.
You barely miss the gnoll.
The gnoll is lightly wounded.
You block the gnoll's attack. The gnoll hits you with a flail.
You hit the gnoll. You headbutt the gnoll.
The gnoll is severely wounded.
You hit the gnoll.
The gnoll is moderately wounded.
The gnoll hits you with a flail!
* * * LOW HITPOINT WARNING * * *
You block the gnoll's attack. The gnoll hits you with a flail.
You die...

#........ ..
#......###.#.#
⌠.#......##.#.# #.
#........#.#>#...
#.......<........
##............#.
#........(.#.## .
#..........#g.#....
⌠.#...<....@g.......
.#.........g####....
#..........# .
.###..#....#
#..#.#### #..#. . #.


You could see 3 gnolls.

Vanquished Creatures
  A gnoll (D:2)
  A dart slug (D:1)
  A giant gecko (D:1)
  2 giant cockroaches (D:1)
  A goblin (D:1)
  5 hobgoblins (D:1)
  2 jackals (D:1)
  2 kobolds (D:1)
  A quokka (D:2)
  2 bats (D:1)
  2 giant newts (D:1)
  2 rats (D:1)
22 creatures vanquished.

Notes
Turn   | Place    | Note
--------------------------------------------------------------
     0 | D:1      | privategoon the Minotaur Fighter began the quest for the Orb.
     0 | D:1      | Reached XP level 1. HP: 19/19 MP: 0/0
   184 | D:1      | Reached skill level 3 in Axes
   415 | D:1      | Reached XP level 2. HP: 26/26 MP: 1/1
   816 | D:1      | Reached skill level 4 in Axes
  1174 | D:2      | Reached XP level 3. HP: 18/31 MP: 2/2
  1176 | D:2      | Slain by a gnoll

Skill      XL: |  1  2 |
---------------+-------+-----
Axes           | 3 4 |  4.4
Fighting       | |  3.6
Armour         | |  3.6
Shields        | |  3.6

Action                   || total
-------------------------++-------
Melee: War axe           ||    52
       Headbutt          ||     5
Throw: Tomahawk          ||     2
Armor: Ring mail         ||    19
Dodge: Dodged            ||     7
Block: Shield            ||    24
